 Dungeon Sprint DCSS version 0.20-a0-556-g892c87b (webtiles) character file.

914 dvd the Basher (level 7, -1/79 (81) HPs)
             Began as a Troll Berserker on Feb 4, 2017.
             Was a High Priest of Trog.
             Splashed by a jelly's acid (8 damage)
             ... in the Dungeon (Sprint III: "The Ten Rune Challenge").
             The game lasted 00:02:41 (557 turns).

dvd the Basher (Troll Berserker)                     Turns: 557, Time: 00:02:43

HP:   -1/79 (81)    AC:  1    Str: 26    XL:     7   Next: 82%
MP:   6/6           EV: 13    Int:  3    God:    Trog [*****.]
Gold: 46            SH:  0    Dex: 11    Spells: 6/6 levels left

rFire    . . .     SeeInvis .   a - +0 mace
rCold    . . .     Gourm    +   b - +0 animal skin
rNeg     . . .     Faith    .   (no shield)
rPois    .         Spirit   .   (helmet restricted)
rElec    .         Reflect  .   (no cloak)
rCorr    .         Harm     .   (gloves unavailable)
MR       ++...     NoTele   +   (boots unavailable)
Stlth    ++........             (no amulet)
Regen    1.7/turn               (no ring)
                                (no ring)

@: corroded, regenerating
A: unfitting armour, claws 3, fast metabolism 3, gourmand, regeneration 1,
shaggy fur 1, tough skin 2
a: Berserk, Trog's Hand, Brothers in Arms, Burn Spellbooks, Renounce Religion


You were in the Dungeon.
You worshipped Trog.
Trog was extremely pleased with you.
You were hungry.

You visited 1 branch You collected 46 gold pieces.

Inventory:

Hand Weapons
 a - a +0 mace (weapon)
 j - a +1 long sword of holy wrath
 o - a +4 antimagic trident
Armour
 b - a +0 animal skin (worn)
Scrolls
 i - a scroll of blinking
 k - a scroll of torment {unknown}
 l - 3 scrolls of identify
 m - 2 scrolls of remove curse {unknown}
 p - a scroll of holy word {unknown}
Potions
 d - a potion of curing
 e - a potion of heal wounds
 f - a potion of haste
 g - 2 potions of magic
 h - a potion of berserk rage
 n - 2 potions of cure mutation
 r - 2 potions of flight
Comestibles
 c - 3 bread rations
 q - a royal jelly


   Skills:
 + Level 8.7 Fighting
 + Level 10.3 Maces & Flails
 + Level 7.7 Dodging
 + Level 1.3 Stealth


You had 6 spell levels left.
You didn't know any spells.

Dungeon Overview and Level Annotations

Branches:
Dungeon (1/1)

Altars:
Dithmenos
Elyvilon
Kikubaaqudgha
Okawaru
Ru
Sif Muna
Trog
Uskayaw
Vehumet
Yredelemnul
Zin
The Shining One
Beogh


Innate Abilities, Weirdness & Mutations

You are too large for most types of armour.
You have claws for hands.
Your metabolism is lightning-fast.
You like to eat raw meat.
Your natural rate of healing is unusually fast.
You are covered in fur. (AC +1)
You have very tough skin. (AC +2)


Message History

The shadow strikes at you from the darkness!
* * * LOW HITPOINT WARNING * * *
Reactivating autopickup.
You hit the jelly.
Your claws burn!
* * * LOW HITPOINT WARNING * * *
The jelly is heavily wounded.
The jelly closely misses you. The shadow hits you!
* * * LOW HITPOINT WARNING * * *
Unknown command.
The shadow slips into darkness.
The shadow flickers and vanishes!
Deactivating autopickup; reactivate with Ctrl-A.
There is an open door here.
Your skin crawls.
You feel resistant to hostile enchantments.
You are feeling hungry.
The jelly hits you.
* * * LOW HITPOINT WARNING * * *
You are splashed with acid!
The acid burns!
You die...

▓▓▓ ▓▓▓ ..♣
♣.############ .♣♣
♣.#___#__[#__# .♣♣♣
♣.#...#__)#._#
.≈.♣♣♣♣.###'#'###)##
≈≈♣.....#..........#
≈≈≈..♣♣.'.⌠.....@J.#
≈≈≈≈≈♣..#...######'#
≈≈≈≈....#.⌠.# #{..#
≈≈≈.....#...# #...#
≈.......#)### #...#
........#.).# #..%+
........#___# +...#
▓▓▓▓▓▓▓▓▓▓▓▓▓ ▓▓▓▓▓


You could see a jelly.

Vanquished Creatures
  A deep elf mage (D)
  A necrophage (D)
  A water elemental (D)
  A wizard (D)
  A necromancer (D)
  3 humans (D)
  A kobold demonologist (D)
  2 oozes (D)
  A phantom (D)
  2 rats (D)
14 creatures vanquished.

Vanquished Creatures (others)
  2 draconian scorchers (D)
  2 yaktaurs (D)
  6 hellions (D)
10 creatures vanquished.

Grand Total: 24 creatures vanquished

Notes
Turn   | Place    | Note
-------+----------+-------------------------------------------
     0 | D        | dvd the Troll Berserker began the quest for the Orb.
     0 | D        | Reached XP level 1. HP: 22/22 MP: 0/0
     6 | D        | Reached skill level 3 in Maces & Flails
    10 | D        | Reached XP level 2. HP: 30/31 MP: 1/1
    18 | D        | Reached ** piety under Trog
    41 | D        | Killed a yaktaur
    60 | D        | Reached skill level 4 in Maces & Flails
    60 | D        | Reached XP level 3. HP: 22/39 MP: 2/2
    76 | D        | Killed a hellion
    95 | D        | Killed a hellion
    96 | D        | Killed a hellion
    96 | D        | Killed a hellion
    97 | D        | Killed a hellion
    97 | D        | Killed a hellion
   125 | D        | Gained mutation: You are frail. (-10% HP) [potion of mutation]
   125 | D        | Gained mutation: Your mind is acute. (Int +2) [potion of mutation]
   125 | D        | Lost mutation: Your mind is acute. (Int +2) [potion of mutation]
   126 | D        | Gained mutation: Your magical capacity is low. (-10% MP) [potion of mutation]
   126 | D        | Gained mutation: Your muscles are strong. (Str +2) [potion of mutation]
   127 | D        | Lost mutation: You are frail. (-10% HP) [potion of cure mutation]
   127 | D        | Lost mutation: Your magical capacity is low. (-10% MP) [potion of cure mutation]
   127 | D        | Lost mutation: Your muscles are strong. (Str +2) [potion of cure mutation]
   163 | D        | Noticed a water elemental
   166 | D        | Killed a white draconian scorcher
   171 | D        | Killed a water elemental
   171 | D        | Reached *** piety under Trog
   171 | D        | Reached skill level 5 in Maces & Flails
   171 | D        | Reached XP level 4. HP: 13/49 MP: 3/3
   237 | D        | Found a radiant altar of Vehumet.
   237 | D        | Found a deep blue altar of Sif Muna.
   237 | D        | Found an ancient bone altar of Kikubaaqudgha.
   237 | D        | Noticed a wizard
   239 | D        | Killed a wizard
   239 | D        | Reached skill level 5 in Fighting
   241 | D        | Reached skill level 6 in Maces & Flails
   241 | D        | Reached skill level 5 in Dodging
   241 | D        | Reached XP level 5. HP: 57/57 MP: 4/4
   246 | D        | Reached **** piety under Trog
   246 | D        | Reached ***** piety under Trog
   259 | D        | Killed a white draconian scorcher
   296 | D        | Found a glowing silver altar of Zin.
   296 | D        | Found a glowing golden altar of the Shining One.
   296 | D        | Found a white marble altar of Elyvilon.
   297 | D        | Noticed a deep elf mage
   313 | D        | Killed a deep elf mage
   313 | D        | Reached skill level 9 in Maces & Flails
   313 | D        | Reached skill level 1 in Stealth
   313 | D        | Reached XP level 6. HP: 48/72 MP: 5/5
   313 | D        | Reached XP level 7. HP: 53/79 MP: 6/6
   350 | D        | Found a basalt altar of Yredelemnul.
   350 | D        | Found a shadowy altar of Dithmenos.
   350 | D        | Found a sacrificial altar of Ru.
   357 | D        | Received a gift from Trog
   411 | D        | Killed a yaktaur
   487 | D        | Found a hide-covered altar of Uskayaw.
   487 | D        | Found a roughly hewn altar of Beogh.
   487 | D        | Found an iron altar of Okawaru.
   487 | D        | Found a bloodstained altar of Trog.
   487 | D        | Noticed a human
   488 | D        | Noticed a human
   495 | D        | Killed a human
   495 | D        | Reached skill level 10 in Maces & Flails
   500 | D        | Killed a human
   544 | D        | Noticed a shadow
   557 | D        | Splashed by a jelly's acid

Vault maps used:
D:        dungeon_sprint_mu

Skill      XL: |  1  2  3  4  5  6  7 |
---------------+----------------------+-----
Maces & Flails | 3 4 5 6 9 10 | 10.3
Fighting       | 3 4 5 7 8 |  8.7
Dodging        | 3 4 5 6 7 |  7.7
Stealth        | 1 |  1.3

Action                   |  1- 3 |  4- 6 |  7- 9 || total
-------------------------+-------+-------+-------++-------
Melee: Mace              |    31 |    16 |    18 ||    65
       Long sword        |       |       |    12 ||    12
Invok: Berserk           |     2 |     2 |     1 ||     5
       Burn Spellbooks   |       |     1 |       ||     1
       Trog's Hand       |       |       |     1 ||     1
  Use: Potion            |     4 |       |       ||     4
 Stab: Sleeping          |       |       |     1 ||     1
  Eat: Chunk             |     4 |       |     3 ||     7
Armor: Animal skin       |     7 |       |     3 ||    10
Dodge: Dodged            |    14 |     2 |    16 ||    32
